Cogmind - Beta 13 @@@ ROGUE MODE // 2024.06.25 @ 16:05:19 Player: annull Result: Destroyed by B-75 Beast with Heavy Plasma Cannon Performance ------------- Evolutions (2) 1000 Regions Visited (8) 1600 Robots Destroyed (37) 185 Value Destroyed (1139) 1139 Prototype IDs (3) 60 Alien Tech Used (0) 0 Bonus (987) 987 TOTAL SCORE: 4971 Bonus ------- Follower Combat Kills 487 Entered Garrisons 200 Aligned with FarCom 300 Cogmind --------- Core Integrity 0/550 Matter 250/300 Energy 78/100 System Corruption 0% Temperature Cool (12) Movement Core (650) Ox12 Location -8/Garrison Parts ------- > --- POWER (1) -------- (None) > --- PROPULSION (2) --- (None) > --- UTILITY (6) ------ Medium Storage Unit Large Storage Unit Improved Signal Interpreter > --- WEAPON (2) ------- Proton Cannon > --- INVENTORY (15) --- Aluminum Leg Aluminum Leg Improved Signal Interpreter Particle Gun Axe Peak State ------------ > --- POWER ------------ (None) > --- PROPULSION ------- Aluminum Leg Aluminum Leg > --- UTILITY ---------- Improved Heat Sink Large Storage Unit Improved Signal Interpreter Improved Medium Armor Plating Improved Medium Armor Plating Remote Shield > --- WEAPON ----------- Proton Cannon Axe > --- INVENTORY -------- Improved Ion Engine Aluminum Leg Aluminum Leg Medium Storage Unit Improved Signal Interpreter Particle Gun Mining Laser Mining Laser [Rating: 31] Favorites ----------- Power Ion Engine Engine Ion Engine Power Core Light Nuclear Core Propulsion Aluminum Leg Treads Light Treads Leg Aluminum Leg Wheel Compact Wheel Utility Medium Storage Unit Device Terrain Scanner Storage Medium Storage Unit Processor Targeting Computer Protection Light Armor Plating Weapon Beam Cannon Energy Gun Heavy EM Shotgun Energy Cannon Beam Cannon Ballistic Gun Assault Rifle Launcher Grenade Launcher Special Weapon Field Lobotomy Kit Slashing Weapon Axe Build | -11 -10 -10 -9 -9 -9 -8 -8 -8 ------- Run | Yrd Mat Min Mat Min Exi Min Mat Gar Slots Evolved 4 | . . . 2 . . . 2 . Power . | . . . . . . . . . Propulsion . | . . . . . . . . . Utility 4 | . . . 2 . . . 2 . Weapon . | . . . . . . . . . Parts Attached 71 | 3 10 4 2 5 1 3 2 41 Power 6 | 1 . 1 . 1 . . . 3 Engine 5 | 1 . 1 . 1 . . . 2 Core 1 | . . . . . . . . 1 Reactor . | . . . . . . . . . Propulsion 24 | 1 2 2 . 2 . . . 17 Treads 8 | . . 2 . . . . . 6 Leg 12 | 1 2 . . 2 . . . 7 Wheel 4 | . . . . . . . . 4 Hover . | . . . . . . . . . Flight . | . . . . . . . . . Utility 29 | 1 4 1 2 2 1 3 2 13 Device 12 | . 3 1 1 . 1 . 1 5 Storage 5 | 1 1 . . . . 1 . 2 Processor 3 | . . . . 1 . 1 1 . Hackware . | . . . . . . . . . Protection 9 | . . . 1 1 . 1 . 6 Artifact . | . . . . . . . . . Weapon 12 | . 4 . . . . . . 8 Energy Gun 1 | . . . . . . . . 1 Energy Cannon 5 | . 2 . . . . . . 3 Ballistic Gun 1 | . 1 . . . . . . . Ballistic Cannon . | . . . . . . . . . Launcher 1 | . 1 . . . . . . . Special Weapon 3 | . . . . . . . . 3 Impact Weapon . | . . . . . . . . . Slashing Weapon 1 | . . . . . . . . 1 Piercing Weapon . | . . . . . . . . . Special Melee Weapon . | . . . . . . . . . Unidentified Prototypes 3 | . . 1 . . . . . 2 Parts Lost 27 | . 6 . . . . . . 21 Power 3 | . 1 . . . . . . 2 Propulsion 9 | . 2 . . . . . . 7 Utility 8 | . 1 . . . . . . 7 Weapon 7 | . 2 . . . . . . 5 Highest Loss Streak 10 | . 4 . . . . . . 10 To Critical Strikes . | . . . . . . . . . Average Slot Usage (%) 90 | . 88 100 92 94 100 99 99 70 Engine 9 | . 10 14 11 11 11 11 9 1 Treads 3 | . . 28 22 . . . . 2 Leg 16 | . 23 . . 21 22 22 18 11 Device 10 | . 11 14 18 11 11 8 9 8 Storage 12 | . 14 14 11 11 11 11 9 13 Processor 7 | . . . . 5 11 13 26 11 Protection 6 | . . . 7 10 11 10 9 4 Energy Cannon 16 | . 2 28 22 22 22 22 18 8 Ballistic Gun 2 | . 12 . . . . . . . Launcher 1 | . 12 . . . . . . . Naked Turns . | . . . . . . . . . Heaviest Build 53 | 10 21 20 24 25 25 34 35 53 Greatest Support 40 | 10 20 40 40 40 20 20 20 40 Greatest Overweight (x) 12 | 3 2 . . 1 1 1 1 12 Average Overweight (x) . | . . . . . 1 1 1 1 Largest Inventory Capacity 15 | 8 10 10 10 10 10 15 15 15 Average Capacity 11 | 7 9 10 10 10 10 11 15 15 Most Carried 15 | 8 8 7 7 10 10 12 14 15 Average Carried 8 | 6 6 5 6 8 8 10 12 11 Final Capacity 15 | 8 10 10 10 10 10 15 15 15 Final Carried 14 | 7 7 6 7 9 10 12 14 5 Class Distribution -------------------- 76% | Mutant 22% | Skirmisher Dominant Class ---------------- Mutant | -10/Materials Mutant | -10/Mines Mutant | -9/Materials Mutant | -9/Mines Mutant | -9/Exiles Skirmisher | -8/Mines Skirmisher | -8/Materials Skirmisher | -8/Garrison Resources | -11 -10 -10 -9 -9 -9 -8 -8 -8 ----------- Run | Yrd Mat Min Mat Min Exi Min Mat Gar Matter Collected 921 | 222 186 30 72 99 . 10 50 252 Remotely . | . . . . . . . . . Salvage Created 1151 | . 330 6 117 77 . 45 116 460 Parts 68 | . 30 . 9 4 . . 1 24 Haulers Intercepted . | . . . . . . . . . Recyclers Shooed 2 | . 2 . . . . . . . Parts Field Recycled . | . . . . . . . . . Retrieved Matter . | . . . . . . . . . Parts Self-Destructed . | . . . . . . . . . Prevented . | . . . . . . . . . Kills | -11 -10 -10 -9 -9 -9 -8 -8 -8 ------- Run | Yrd Mat Min Mat Min Exi Min Mat Gar Combat Hostiles Destroyed 34 | . 13 . 5 2 . 1 2 11 Melee 5 | . . . . . . . . 5 Guns 7 | . 7 . . . . . . . Cannons 16 | . 1 . 5 2 . 1 2 5 AOE 5 | . 5 . . . . . . . Classes Destroyed 8 | . 4 1 1 . . 1 . 1 Worker 1 | . . 1 . . . . . . Builder 1 | . 1 . . . . . . . Watcher 1 | . 1 . . . . . . . Swarmer 10 | . 6 . 4 . . . . . Cutter 2 | . . . . . . . . 2 Grunt 17 | . 7 . . 2 . . 2 6 Sentry 3 | . . . 1 . . . . 2 Hunter 2 | . . . . . . 1 . 1 Best Kill Streak 4 | . 4 1 4 2 . 1 2 2 Combat Bots Only 4 | . 3 . 4 2 . 1 2 2 Max Kills in Single Turn 2 | . 2 1 1 1 . 1 1 1 Gunslinging . | . . . . . . . . . Exploded 2 | . 2 . . . . . . . Melee 1 | . . . . . . . . 1 Uniques/NPCs Destroyed . | . . . . . . . . . Combat | -11 -10 -10 -9 -9 -9 -8 -8 -8 -------- Run | Yrd Mat Min Mat Min Exi Min Mat Gar Hostile Shots Fired 344 | . 81 . 20 16 . 6 11 210 Missed 84 | . 15 . 6 5 . 3 5 50 Damage Taken 3847 | . 728 . 160 147 . 48 92 2672 Core 773 | . 161 . 44 . . . . 568 Absorbed by Shields 35 | . . . . . . . . 35 Core Remaining (%) 74 | 100 . 35 . . . 89 . . Volleys Fired 135 | . 55 . 11 6 . 4 9 50 Largest 2 | . 2 . 2 2 . 2 2 2 Hottest 120 | . 120 . 120 120 . 120 120 120 Shots Fired 181 | . 65 . 22 12 . 8 18 56 Gun 52 | . 52 . . . . . . . Cannon 116 | . 6 . 22 12 . 8 18 50 Launcher 7 | . 7 . . . . . . . Special 6 | . . . . . . . . 6 Kinetic 52 | . 52 . . . . . . . Thermal 114 | . 6 . 22 12 . 8 18 48 Explosive 7 | . 7 . . . . . . . Electromagnetic 3 | . . . . . . . . 3 Robot Hit Streak 12 | . 12 . 9 5 . 5 5 10 Robot Miss Streak 6 | . 3 . 2 1 . 1 2 6 Penetration Max . | . . . . . . . . . Secondary Targets . | . . . . . . . . . Shots Hit Robots 129 | . 43 . 12 8 . 7 10 49 Core Hits 58 | . 24 . 6 7 . 1 4 16 Critical Kills 1 | . . . . . . . . 1 Critical Parts Destroyed . | . . . . . . . . . Critical Strikes 1 | . . . . . . . . 1 Meltdown 1 | . . . . . . . . 1 Melee Attacks 21 | . . . . . . . . 21 Impact . | . . . . . . . . . Slashing 21 | . . . . . . . . 21 Piercing . | . . . . . . . . . Sneak Attacks . | . . . . . . . . . Combat Hostiles . | . . . . . . . . . Follow-up Attacks . | . . . . . . . . . Damage Inflicted 2618 | 4 933 13 209 156 . 123 178 1002 Guns 485 | . 485 . . . . . . . Cannons 1316 | . 104 . 209 140 . 123 178 562 Explosions 329 | . 329 . . . . . . . Melee 422 | . . . . . . . . 422 Ramming 66 | 4 15 13 . 16 . . . 18 Kinetic 485 | . 485 . . . . . . . Thermal 1295 | . 104 . 209 140 . 123 178 541 Explosive 329 | . 329 . . . . . . . Electromagnetic 21 | . . . . . . . . 21 Impact . | . . . . . . . . . Slashing 422 | . . . . . . . . 422 Piercing . | . . . . . . . . . Highest Corruption . | . . . . . . . . . Average Corruption . | . . . . . . . . . Corruption Purged . | . . . . . . . . . Corruption Blocked . | . . . . . . . . . Overload Shots . | . . . . . . . . . Overflow Damage 31 | . 29 . . . . . 2 . Projectiles 11 | . 9 . . . . . 2 . Explosions 20 | . 20 . . . . . . . Melee . | . . . . . . . . . Knockbacks . | . . . . . . . . . Impact . | . . . . . . . . . Kinetic . | . . . . . . . . . Secondary . | . . . . . . . . . Self-Inflicted Damage 35 | . 26 . . . . . . 9 Shots 1 | . 1 . . . . . . . Rammed 3 | . . 2 . . . . . 1 Targets Rammed 16 | 2 5 3 . 5 . . . 1 Kicked 12 | 2 5 . . 5 . . . . Crushed 1 | . . 1 . . . . . . Highest Temperature 697 | . 162 . 368 279 . 240 411 697 Average Temperature 136 | . 82 . 143 110 . 123 175 134 Received Heat Transfer 2149 | . 273 . 45 75 . . 54 1702 Effects 12 | . . . . . . . 2 10 Shutdowns 1 | . . . . . . . . 1 Energy Bleed 2 | . . . . . . . 2 . Interference 3 | . . . . . . . . 3 Short Circuit 2 | . . . . . . . . 2 Damage (minor) 1 | . . . . . . . . 1 Damage (major) 3 | . . . . . . . . 3 Siege Activations . | . . . . . . . . . Robots Corrupted . | . . . . . . . . . Combat Hostiles . | . . . . . . . . . Parts Fried . | . . . . . . . . . Impact Corruptions . | . . . . . . . . . Robots Melted 1 | . . . . . . . . 1 Combat Hostiles 1 | . . . . . . . . 1 Parts Melted 7 | . . . 1 1 . 1 . 4 Heat Transferred 2738 | . 222 . 444 296 . 259 370 1147 Parts Sabotaged . | . . . . . . . . . Parts Stolen . | . . . . . . . . . Parts Stripped . | . . . . . . . . . Power Chain Reactions . | . . . . . . . . . Alert | -11 -10 -10 -9 -9 -9 -8 -8 -8 ------- Run | Yrd Mat Min Mat Min Exi Min Mat Gar Peak Influence 423 | . 283 55 181 227 . 64 85 423 Initial 70 | . . 55 1 70 . . . 57 Average 96 | . 65 40 103 106 . 25 47 176 Maximum Alert Level 2 | . 1 . . 1 . . . 2 Low Security (%) 86 | 100 95 100 100 85 . 100 100 65 Level 1 12 | . 4 . . 14 . . . 32 Level 2 . | . . . . . . . . 1 Level 3 . | . . . . . . . . . Level 4 . | . . . . . . . . . Level 5 . | . . . . . . . . . High Security . | . . . . . . . . . Max Security . | . . . . . . . . . Squads Dispatched 4 | . 2 . . 1 . . 1 . Investigation 2 | . 1 . . . . . 1 . Extermination . | . . . . . . . . . Reinforcement 1 | . 1 . . . . . . . Assault 1 | . . . . 1 . . . . Garrison . | . . . . . . . . . Intercept . | . . . . . . . . . Searches Triggered . | . . . . . . . . . Construction Impeded . | . . . . . . . . . Haulers Reinforced . | . . . . . . . . . Active Scanning Responses . | . . . . . . . . . Cargo Convoy Interrupts . | . . . . . . . . . Stealth | -11 -10 -10 -9 -9 -9 -8 -8 -8 --------- Run | Yrd Mat Min Mat Min Exi Min Mat Gar Distress Signals 3 | . 1 . . . . . 2 . Communications Jammed . | . . . . . . . . . Distress Signals . | . . . . . . . . . Times Spotted 76 | . 23 . 7 11 . 1 8 26 Peak Tracking Total 5 | . 5 . 4 4 . 1 3 3 Tactical Retreats 2 | . 1 . 1 . . . . . Traps | -11 -10 -10 -9 -9 -9 -8 -8 -8 ------- Run | Yrd Mat Min Mat Min Exi Min Mat Gar Traps Triggered 8 | . 1 . . . . . . 7 Indirectly . | . . . . . . . . . Trap Hack Attempts . | . . . . . . . . . Triggered . | . . . . . . . . . Disarmed . | . . . . . . . . . Reprogrammed . | . . . . . . . . . Reused . | . . . . . . . . . Traps Extracted . | . . . . . . . . . Installed . | . . . . . . . . . Triggered . | . . . . . . . . . Machines | -11 -10 -10 -9 -9 -9 -8 -8 -8 ---------- Run | Yrd Mat Min Mat Min Exi Min Mat Gar Machines Disabled 3 | . 3 . . . . . . . Max in Single Turn 3 | . 3 . . . . . . . Machines Repaired . | . . . . . . . . . Machines Dismantled . | . . . . . . . . . Machines Sabotaged . | . . . . . . . . . Overloaded Fab Kills . | . . . . . . . . . Hacking | -11 -10 -10 -9 -9 -9 -8 -8 -8 --------- Run | Yrd Mat Min Mat Min Exi Min Mat Gar Machines Accessed 11 | . 4 . 1 . . . 3 3 Terminals 10 | . 4 . 1 . . . 2 3 Fabricators . | . . . . . . . . . Repair Stations . | . . . . . . . . . Recycling Units . | . . . . . . . . . Scanalyzers . | . . . . . . . . . Garrison Access 1 | . . . . . . . 1 . Total Hacks 27 | . 9 . 3 . . . 7 8 Successful 9 | . 3 . 1 . . . 5 . Failed 18 | . 6 . 2 . . . 2 8 Catastrophic 6 | . 2 . 1 . . . 2 1 Database Lockouts . | . . . . . . . . . Manual 21 | . 8 . 3 . 1 . 4 5 Terminals 26 | . 9 . 3 . . . 6 8 Fabricators . | . . . . . . . . . Repair Stations . | . . . . . . . . . Recycling Units . | . . . . . . . . . Scanalyzers . | . . . . . . . . . Garrison Access 1 | . . . . . . . 1 . Terminal Hacks 4 | . 2 . . . . . 2 . Branch Access Points 1 | . 1 . . . . . . . Alert Level 2 | . . . . . . . 2 . Recall Assault 1 | . 1 . . . . . . . Fabricator Hacks . | . . . . . . . . . Repair Station Hacks . | . . . . . . . . . Recycling Unit Hacks . | . . . . . . . . . Scanalyzer . | . . . . . . . . . Garrison Access Hacks 1 | . . . . . . . 1 . Unlock Access 1 | . . . . . . . 1 . Unauthorized Hacks 4 | . 1 . 1 . . . 2 . Terminals 4 | . 1 . 1 . . . 2 . Botnet 4 | . 1 . 1 . . . 2 . Fabricators . | . . . . . . . . . Repair Stations . | . . . . . . . . . Recycling Units . | . . . . . . . . . Scanalyzers . | . . . . . . . . . Garrison Access . | . . . . . . . . . Data Cores Recovered . | . . . . . . . . . Used . | . . . . . . . . . Hacking Detections 7 | . 2 . 1 . . . 2 2 Full Trace Events 4 | . 1 . 1 . . . 1 1 Feedback Events . | . . . . . . . . . Feedback Blocked . | . . . . . . . . . Robot Schematics Acquired . | . . . . . . . . . Robots Built . | . . . . . . . . . Authchips . | . . . . . . . . . Time . | . . . . . . . . . Total Robot Build Rating . | . . . . . . . . . Part Schematics Acquired . | . . . . . . . . . Parts Built . | . . . . . . . . . Authchips . | . . . . . . . . . Time . | . . . . . . . . . Total Part Build Rating . | . . . . . . . . . Parts Repaired . | . . . . . . . . . Time . | . . . . . . . . . Parts Recycled . | . . . . . . . . . Recycled Matter . | . . . . . . . . . Retrieved Matter . | . . . . . . . . . Retrieved Components . | . . . . . . . . . Parts Scanalyzed . | . . . . . . . . . Part Schematics Acquired . | . . . . . . . . . Parts Damaged . | . . . . . . . . . Bothacking | -11 -10 -10 -9 -9 -9 -8 -8 -8 ------------ Run | Yrd Mat Min Mat Min Exi Min Mat Gar Used RIF Installer . | . . . . . . . . . Robots Hacked . | . . . . . . . . . Non-combat . | . . . . . . . . . Combat . | . . . . . . . . . Robot Hacks Applied . | . . . . . . . . . Relay Couplers Released . | . . . . . . . . . Fabnet Peak Effective % . | . . . . . . . . . Robots Rewired . | . . . . . . . . . Allies Hacked . | . . . . . . . . . Hacks Repelled . | . . . . . . . . . Allies | -11 -10 -10 -9 -9 -9 -8 -8 -8 -------- Run | Yrd Mat Min Mat Min Exi Min Mat Gar Total Allies 8 | . . . . 3 . . . 5 Largest Group 3 | . . . . 3 2 1 . 3 Highest-Rated Group 74 | . . . . 74 62 31 . 47 Highest-Rated Ally 31 | . . . . 31 31 31 . 16 Total Orders 2 | . . . . . . . . 2 STAY 1 | . . . . . . . . 1 GUARD 1 | . . . . . . . . 1 Ally Attacks 90 | . . . . 27 . 18 . 45 Total Damage 1397 | . . . . 424 . 294 . 679 Kills 17 | . . . . 9 . 1 . 7 Allies Corrupted . | . . . . . . . . . Allies Melted . | . . . . . . . . . Field Lobotomies 5 | . . . . . . . . 5 Intel | -11 -10 -10 -9 -9 -9 -8 -8 -8 ------- Run | Yrd Mat Min Mat Min Exi Min Mat Gar Robot Analysis Total . | . . . . . . . . . Derelict Logs Recovered 3 | . . 1 . 2 . . . . Drone Launches . | . . . . . . . . . Drone Recoveries . | . . . . . . . . . Exploration | -11 -10 -10 -9 -9 -9 -8 -8 -8 ------------- Run | Yrd Mat Min Mat Min Exi Min Mat Gar Turns Passed 5921 | 68 927 557 151 1211 1037 467 252 1251 Spaces Moved 2848 | 45 434 342 71 612 544 235 109 456 Core 26 | 14 . . . . . . . 12 Treads 511 | . . 342 71 4 . . . 94 Legs 2243 | 31 434 . . 608 544 235 109 282 Wheels 68 | . . . . . . . . 68 Hover . | . . . . . . . . . Flight . | . . . . . . . . . Fastest Speed 50 | 50 120 160 160 120 190 190 190 105 Average Speed 185 | 114 172 160 160 189 190 190 190 214 Slowest Speed 650 | 200 260 160 160 190 190 190 190 650 Overloaded Moves . | . . . . . . . . . Propulsion Burnouts . | . . . . . . . . . Robots Hopped . | . . . . . . . . . Cave-ins Triggered . | . . . . . . . . . Exploration Rate (%) 50 | 4 71 74 8 98 89 45 14 52 Regions Visited 8 Branch Regions 4 Pre-discovered Areas . | . . . . . . . . . Known Exits Taken 3 | . 1 . . . . 1 1 . Unknown Exits Taken 5 | 1 . 1 1 1 1 . . . Scrap Searched 3 | . . 1 . 1 . 1 . . Spaces Dug 2 | . . . . . . . . 2 Terrain Destroyed 50 | . 48 . . . . . . 2 Melee 1 | . . . . . . . . 1 Projectile 1 | . . . . . . . . 1 AOE 48 | . 48 . . . . . . . Terrain Rammed . | . . . . . . . . . Walls Destroyed . | . . . . . . . . . Machines Disabled . | . . . . . . . . . Actions | -11 -10 -10 -9 -9 -9 -8 -8 -8 --------- Run | Yrd Mat Min Mat Min Exi Min Mat Gar Total 3267 | 61 545 351 87 649 548 250 135 641 Wait 64 | . 31 . 1 13 1 . 11 7 Move 2841 | 44 433 341 70 611 543 234 109 456 Hop . | . . . . . . . . . Pick Up 60 | 11 9 1 2 5 2 5 4 21 Fast Attach . | . . . . . . . . . Attach 71 | 3 10 4 2 5 1 3 2 41 Detach 18 | . 1 2 1 2 . 1 . 11 Swap . | . . . . . . . . . Drop 17 | 1 1 . . 2 1 3 . 9 Fire 135 | . 55 . 11 6 . 4 9 50 Melee 21 | . . . . . . . . 21 Ram 1 | . . . . . . . . 1 Kick 12 | 2 5 . . 5 . . . . Crush 3 | . . 3 . . . . . . Escape Stasis 24 | . . . . . . . . 24 Rewire . | . . . . . . . . . Trap . | . . . . . . . . . Miscellaneous . | . . . . . . . . . Route ------- -11/Scrapyard -10/Materials (discovered 2 exits: *Mat / *Min) -10/Mines -9/Materials (discovered 2 exits: Mat / [*Min]) -9/Mines (discovered 3 exits: *Mat x2 / *Exi) -9/Exiles -8/Mines -8/Materials (discovered 2 exits: Fac / Gar) -8/Garrison (discovered 3 exits: *Mat x3) History --------- Turn | Location | Event 28 | -11/Scrapyard | Discovered new exit (range 15) 69 | -11/Scrapyard | Entered Materials 314 | -10/Materials | Build established: Mutant 575 | -10/Materials | Discovered new exit (range 15) 620 | -10/Materials | Identified exit to Mines 913 | -10/Materials | Core integrity fell below 50% 953 | -10/Materials | Lost 4 parts (2n2w) 996 | -10/Materials | Entered Mines 1030 | -10/Mines | Learned 2 Materials zone layouts 1145 | -10/Mines | Assembled infested the area 1520 | -10/Mines | Found a damaged Exp. Sensor Array with a note attached 1523 | -10/Mines | Found Prototype Device 1525 | -10/Mines | Identified Exp. Sensor Array 1535 | -10/Mines | Discovered new exit (range 10) 1553 | -10/Mines | Entered Materials 1553 | -9/Materials | Evolved 2 slots: Utility x2 1554 | -9/Materials | Identified exit to Materials 1691 | -9/Materials | Discovered new exit (range 9) 1704 | -9/Materials | Entered Mines 1750 | -9/Mines | Met a Derelict bent on vengeance 1931 | -9/Mines | Learned 4 Materials zone layouts 1945 | -9/Mines | Met a Derelict testing a Signal Generator 2427 | -9/Mines | Learned Materials non-interactive machine intel 2448 | -9/Mines | Discovered exit to Materials (range 8) 2486 | -9/Mines | Discovered exit to Materials (range 6) 2906 | -9/Mines | Deemed a non-threat by the Exiles lab entrance 2906 | -9/Mines | Discovered new exit (range 5) 2915 | -9/Mines | Entered Exiles 2915 | -9/Exiles | Accompanied by 2 allies 2945 | -9/Exiles | Led the pair of lost Derelicts to a safe place 2964 | -9/Exiles | Met 8R-AWN 2996 | -9/Exiles | Met EX-HEX 3070 | -9/Exiles | Met EX-DEC 3181 | -9/Exiles | Discovered new exit (range 10) 3306 | -9/Exiles | Visited The Gauntlet 3675 | -9/Exiles | Met EX-BIN 3709 | -9/Exiles | Aligned with FarCom system 3711 | -9/Exiles | Given EX-Vault access code 3764 | -9/Exiles | Opened EX-Vault 3774 | -9/Exiles | Found Prototype Special Weapon 3817 | -9/Exiles | Warned to stay clear of 0b10 Research branches 3952 | -9/Exiles | Left Exiles lab with Field Lobotomy Kit 3952 | -9/Exiles | Entered Mines 3952 | -8/Mines | Accompanied by 1 ally 4248 | -8/Mines | Build established: Skirmisher 4400 | -8/Mines | Discovered exit to Materials (range 5) 4419 | -8/Mines | Entered Materials 4419 | -8/Materials | Evolved 2 slots: Utility x2 4420 | -8/Materials | Identified exit to Factory 4421 | -8/Materials | Loaded intel: 56 non-interactive machine locations 4671 | -8/Materials | Identified exit to Garrison 4671 | -8/Materials | Entered Garrison 4722 | -8/Garrison | Triggered checkpoint 4794 | -8/Garrison | Triggered checkpoint 4809 | -8/Garrison | Identified Field Lobotomy Kit 4821 | -8/Garrison | Assimilated G-47 Trooper with FLK Orb 4824 | -8/Garrison | Assimilated G-47 Trooper with FLK Orb 4838 | -8/Garrison | Discovered new exit (range 6) 4852 | -8/Garrison | Lost 4 parts (1p1n1u1w) 4877 | -8/Garrison | Assimilated Y-45 Defender with FLK Orb 4918 | -8/Garrison | Triggered checkpoint 5119 | -8/Garrison | Discovered new exit (range 11) 5142 | -8/Garrison | Identified exit to Materials 5260 | -8/Garrison | Triggered checkpoint 5366 | -8/Garrison | Triggered checkpoint 5371 | -8/Garrison | Assimilated G-47 Trooper with FLK Orb 5376 | -8/Garrison | Assimilated G-47 Trooper with FLK Orb 5486 | -8/Garrison | Triggered checkpoint 5706 | -8/Garrison | Core integrity fell below 50% 5728 | -8/Garrison | Discovered exit to Materials (range 8) 5746 | -8/Garrison | Lost 4 parts (3n1u) 5838 | -8/Garrison | Spotted B-75 Beast 5888 | -8/Garrison | Core integrity fell below 20% 5922 | -8/Garrison | Destroyed by B-75 Beast with Heavy Plasma Cannon Last Messages --------------- 05865_ Acquired Proton Cannon. 05871_ ALERT: Garrison interior compromised. 05874_ Imp. Medium Armor Plating destroyed. 05874_ Remote Shield destroyed. 05877_ Critical hit (Meltdown: +330). 05880_ Knocked back. 05885_ Acquired 4 matter. 05887_ Critical hit (Meltdown: +330). 05887_ Imp. Medium Armor Plating destroyed. 05890_ Mining Laser destroyed. 05890_ Aluminum Leg destroyed. 05893_ Mining Laser destroyed. 05899_ Imp. Heat Sink destroyed. 05906_ Proton Cannon destroyed. 05912_ Imp. Ion Engine destroyed. 05912_ Critical hit (Blast). 05916_ The unstable cave ceiling collapses. 05916_ 6 Matter crushed. 05917_ Aluminum Leg destroyed. 05917_ Knocked back. Map ----- +----------------------------------------------------+ | ?????????????????????????????????????????????? | | ?????????????????????????????????????????????? | | ?????????????????????????????????????????????? | | ?????????????????????????????????????????????? | | ?????????????????????????????????????????????? | | ?????????????????????????????????????????????? | | ?????????????????????????????????????????????? | | ?????????????????????????????????????????????? | | ??????????????????????????Y??????????????????? | | ?????????????????????????????????????????????? | | ?????????????????????????????????????????????? | | ?????????????????????????????????????????????? | | ??????????????????????????????????????????# | | ??????????????????????????????????????????# | | ??????????????????????????????????????????# | | ??????????????????????????????????????????# | | ??????????????????????????????????????????# | | ??????????????????????????????????????????# | | ??????????????????????????Y???????????????# | | ??????????????????????????????????????????" | | ??????????????????????????????????????????" | | ???????????????????###????????????????????" | | ???????????????????#####??????????????????" | | ???????????????##### #;####???????????????# | | ???????????????# % %] ! !#?????########### | | ???????????????# @ #?????# | | ???????????????# !#?????# | | ???????????????## ! !#?????# #?###### | | ???????????????# ! !!#?????# #??###### | | ???????????????## ###?????# #??#"T"## | | ????????????????# #??????# #??#" | | ????????????????## # #??????# #??######= | | ?????????????????#### #??????# #???????#%= | | ????????????????????#BB######???# #???????#[ | | ?????????????????#!!#BB####T##### #########[ | | ?????????????????# =*=! %== | | ?????????????????# /%= * | | ?????????????????#!!#;;########## #####+#### | | ?????????????????#### #????????# #???????#"! | | ????????????????????# #????????# #???????#T | | ????????????????????####????????# #???????#"" | | ????????????????????????????????# #######?### | | ????????????????????????????????# #???? | | ????????????????????????????????# ##### #???? | | ???????????????????????????????## #?????????? | | ???????????????????????????????# ##????????? | | ???????????????????????????????## #????????? | | ????????????????????????######### ##????????? | | ???????????????????????# =#?????????? | | ???????????????????????# #?????????? | +----------------------------------------------------+ Best States ------------- Heat Dissipation 45 Energy Generation 14 Energy Capacity 265 Matter Stores 300 Matter Capacity 300 Sight Range 16 Robot Scan Range 20 Terrain Scan Range 14 Terrain Scan Density 10 Armor Coverage 450 Evasion (%) 55 Targeting Accuracy 10 Recoil Reduction 2 Item Schematics ----------------- None Robot Schematics ------------------ None Fabricated ------------ Nothing Alien Tech Used ----------------- None Achievements -------------- None Challenges ------------ None Game ------ Seed ZhirovWeaponWell Manual? 0 Play Time 01:00:55 Cumulative 14.7 hours Start 2024.06.25 @ 05:03:01 End 2024.06.25 @ 16:05:19 Sessions 3 Manual Loads 0 Difficulty Rogue Special Mode None Game No. 21 Rogue 21 Adventurer 0 Explorer 0 Win Type - Total 0 Types 0/0/0/0/0/0/0/0/0 Lore% 7 Gallery% 15 Achievement% 14 Wizard Run 0 Options --------- Layout 0 ASCII 1 Keyboard 0 Movement Numpad Keybinds 0 Fullscreen 2 Font 18/TerminusBold Map View 38x25 Zoom Use 50% Tactical HUD 1 Map Filters NONE Filters NONE Steam 1 RUN: dc2c8032-7db6-468f-bb12-64b801ffb048